[Event "Rohde op 12th"]
[Site "Sautron"]
[Date "2012.10.29"]
[Round "3"]
[White "Arnaudov, Petar G"]
[Black "Oleksienko, Mikhailo"]
[Result "0-1"]
[ECO "A67"]
[WhiteElo "2471"]
[BlackElo "2539"]
[Annotator "Bedouin,X/Primel,D"]
[PlyCount "64"]
[EventDate "2012.10.27"]
[EventType "swiss"]
[EventRounds "9"]
[EventCountry "FRA"]
[SourceTitle "EXT 2014"]
[Source "ChessBase"]
[SourceDate "2013.11.20"]
[SourceVersion "1"]
[SourceVersionDate "2013.11.20"]
[SourceQuality "1"]
[TimeControl "40/5400+30:1800+30"]
[WhiteClock "1:30:00"]
[BlackClock "1:30:00"]

1. d4 Nf6 2. c4 c5 3. d5 e6 4. Nc3 exd5 5. cxd5 d6 6. e4 g6 7. f4 Bg7 8. Bb5+ Nfd7 (8... Nbd7 {Peut-être sous estimé même
si la théorie a longtemps considéré que Nfd7 était indispensable} 9. e5 dxe5
10. fxe5 Nh5 11. e6 Qh4+ 12. g3 Nxg3 13. hxg3 Qxh1 14. Be3 Bxc3+ 15. bxc3 a6
16. exd7+ Bxd7 17. Bxd7+ Kxd7 18. Qb3 b5 {Sokolov,I (2665)-Topalov,V (2700)
Hoogovens Wijk aan Zee 1996 (4) 1-0}) 9. a4 Qh4+ (9... O-O {La grande ligne}) 10. g3 Qd8 (10... Qe7 {[%csl Re4,Re5] L'alternative}) 11. Nf3 O-O 12. O-O (12. Kf2 $13 Na6 {Mecking,H 
(2589)-Hungaski,R (2507) Caxias do Sul op 12th rapid 2012 (5) 1/2}) 12... Na6 (12... a6 13. Bd3 (13. Be2)) 13. Kg2 (13. f5
$5 Nf6 {Steingrimsson,H (2554)-Kristjansson,S (2483) ISL-ch
Egilsstadir 2011 (7) 1/2} (13... Ne5)) 13... Nc7 14. Bxd7 $1 {
[%emt 0:00:10] L'idée thématique est la poussée thématique f4f5 qui va gêner
le Bd7 sans craindre la réponse Ne5} (14. f5 Ne5 $11) 14... Bxd7 15. f5 gxf5 (15... h6 $5 {Moins risqué})
16. Bg5 (16. exf5 Bxf5 17. Nh4 Bg6 18. Nf5 $44) 16... Qc8 (16... Qe8 17. exf5 Bxf5 18. Qd2 $44 ) 17. Be7 Re8 18. Bxd6 fxe4 19. Ng5 $32 f6 20. Rxf6 $5 (20. Ngxe4 Bh3+ 21. Kh1 Bxf1 22.
Qxf1 f5 $1 {et les Blancs n'ont pas assez de compensations (XB)} 23. Nxc5 Bxc3
$1 24. bxc3 Nxd5 25. Qc4 Qc6 26. Rd1 b6 {X BEDOUIN}) 20... Bg4 (20... Bxf6 21. Qh5 Bh3+ $1 22. Nxh3 Qd7 ) 21.
Qf1 h6 $1 {[%emt 0:00:18] Le coup intermédiaire décisif} 22.
h3 (22. Rg6 hxg5 23. Qf6 Bf3+ 24. Kg1 Qd7 $19) 22... Bf3+ 23. Nxf3 Bxf6 24. Nd2 Bxc3 $19 25. bxc3 Nxd5 26. Re1 e3 27. Qf3 Qe6 28. Bxc5 Rad8 29. c4 Nf4+ 30. gxf4 Qg6+ 31. Kh1 exd2 32. Rxe8+ Qxe8 0-1